 Dungeon Crawl Stone Soup version 0.31.0-12-g77e489cdc1 (webtiles) character file.

Game seed: 4160045157391928316

173 lonewolfV2 the Trooper (level 5, -1/43 HPs)
             Began as a Formicid Fighter on Feb 14, 2024.
             Was an Initiate of Qazlal.
             Slain by a gnoll
             ... wielding a +0 club
              (4 damage)
             ... on level 4 of the Dungeon.
             The game lasted 00:04:09 (2461 turns).

lonewolfV2 the Trooper (Formicid Fighter)           Turns: 2461, Time: 00:04:10

Health: -1/43      AC:  9    Str: 17    XL:     5   Next: 83%
Magic:  5/5        EV:  7    Int: 12    God:    Qazlal [......]
Gold:   1343       SH:  6    Dex: 14    Spells: 4/4 levels left

rFire   . . .        a - +0 war axe
rCold   . . .        c - +1 buckler
rNeg    . . .        i - +0 chain mail
rPois   .            (helmet unavailable)
rElec   .            (no cloak)
rCorr   .            (no gloves)
SInv    +            (no boots)
Will    .....        (no amulet) Stlth
                     (no ring)
HPRegen 0.27/turn    (no ring)
MPRegen 0.09/turn

%: no passive effects
@: no status effects
A: permanent stasis, dig shafts and tunnels, antennae 3, four strong arms,
clever 1, weak 1, no potion heal 1, devolution 1
a: Dig, Shaft Self, Renounce Religion


You were on level 4 of the Dungeon.
You worshipped Qazlal.
Qazlal was noncommittal.
You visited 1 branch of the dungeon, and saw 4 of its levels.

You collected 1343 gold pieces.

Inventory:

Hand Weapons
 a - a +0 war axe (weapon)
Armour
 b - a +0 scale mail
 c - a +1 buckler (worn)
 i - a +0 chain mail (worn)
Jewellery
 o - a +4 ring of protection
Scrolls
 f - a scroll of enchant armour
 g - a scroll of fear
Potions
 d - a potion of might
 e - 2 potions of resistance {unknown}
 h - 2 potions of curing
 j - a potion of heal wounds {unknown}
 n - 2 potions of attraction {unknown}


   Skills:
 + Level 4.7 Fighting
 + Level 4.6 Axes
 - Level 3.2 Armour
 - Level 4.0 Shields


You had 4 spell levels left.
You didn't know any spells.
Your spell library contained the following spells:

 Spells                   Type           Power      Damage    Failure   Level
 Apportation              Tloc           0%         N/A       99%         1
 Jinxbite                 Hex            0%         N/A       100%        2
 Dazzling Flash           Conj/Hex       0%         N/A       100%        3
 Mephitic Cloud           Conj/Alch/Air  0%         N/A       100%        3
 Alistair's Intoxication  Alch           0%         N/A       100%        5
 Curse of Agony           Necr           0%         N/A       100%        5
 Silence                  Hex/Air        0%         N/A       100%        5


Dungeon Overview and Level Annotations

Branches:
Dungeon (4/15)
 Temple: D:4-7

Altars:
Hepliaklqana
Qazlal
Vehumet
Yredelemnul


Innate Abilities, Weirdness & Mutations

You cannot be hasted, slowed, berserked, paralysed or teleported.
You can dig through walls and to a lower floor.
You have a pair of large antennae on your head. (SInv)
Your four strong arms can wield two-handed weapons with a shield.
Your mind is acute. (Int +4, Str/Dex -1)
You are weak. (Str -2)
Potions are less effective at restoring your health.
You have hidden genetic defects.


Message History

You hit the gnoll.
The gnoll is lightly wounded.
Unknown command.
The gnoll hits you with a +0 spear.
The gnoll hits you from afar with a +0 spear.
A gnoll comes into view. It is wielding a +0 spear.
The gnoll shouts!
The gnoll hits you but does no damage. x2
You barely miss the gnoll. You block the gnoll's attack.
The gnoll hits you with a +0 spear!
You barely miss the gnoll.
The gnoll hits you from afar with a +0 spear.
You block the gnoll's attack. The gnoll closely misses you.
The gnoll hits you from afar with a +0 spear.
Unknown command.
You slash the gnoll!
The gnoll is almost dead.
The gnoll hits you but does no damage. The gnoll barely misses you.
You barely miss the gnoll.
The gnoll is almost dead.
The gnoll barely misses you. The gnoll hits you with a +0 spear.
Unknown command.
You slash the gnoll!
You kill the gnoll!
Qazlal accepts your kill. The gnoll hits you but does no damage.
Unknown command.
You closely miss the gnoll. The gnoll hits you but does no damage.
The gnoll hits you with a +0 club.
The gnoll hits you from afar with a +0 spear. x2
* * * LOW HITPOINT WARNING * * *
The gnoll hits you with a +0 club.
* * * LOW HITPOINT WARNING * * *
Unknown command.
You closely miss the gnoll. The gnoll hits you but does no damage.
The gnoll barely misses you. The gnoll hits you with a +0 club!
* * * LOW HITPOINT WARNING * * *
You hit the gnoll but do no damage. You block the gnoll's attack. x2
The gnoll hits you with a +0 club.
You die...

#.# #.# #.# ... ###.#
#.###
....#########...###
#........<.......
#.<...######...
######.######.##
............>.g#########
#############†..@gg.....
#.########## #.# #.# ..#
###


You could see 3 gnolls.

Vanquished Creatures
  Natasha (twice) (D:2)
  A gnoll (D:4)
  4 adders
  2 dart slugs
  3 ribbon worms (D:2)
  5 orcs (D:3)
  7 endoplasms
  3 giant cockroaches
  3 goblins
  6 hobgoblins
  4 kobolds (D:1)
  3 quokkas
  5 ball pythons
  6 bats
  6 frilled lizards
  7 rats
67 creatures vanquished.

Notes
Turn   | Place    | Note
-------+----------+-------------------------------------------
     0 | D:1      | lonewolfV2 the Formicid Fighter began the quest for the
                  | Orb.
     0 | D:1      | Reached XP level 1. HP: 18/18 MP: 1/1
   298 | D:1      | Reached XP level 2. HP: 20/24 MP: 2/2
   806 | D:1      | Reached XP level 3. HP: 19/30 MP: 3/3
   887 | D:1      | Identified a scroll of acquirement
   887 | D:1      | Acquired 1200 gold pieces
   891 | D:2      | Noticed Natasha
   899 | D:2      | Killed Natasha
   913 | D:2      | Reached XP level 4. HP: 12/37 MP: 4/4
  1259 | D:2      | Identified the +6 sling of Due Proportion {freeze, rPois
                  | Str+6 Int-4 Dex-2}
  1416 | D:2      | Noticed Natasha
  1427 | D:2      | Killed Natasha
  1428 | D:2      | Reached XP level 5. HP: 40/43 MP: 5/5
  1802 | D:3      | Found a hazy altar of Hepliaklqana.
  1902 | D:3      | Found a basalt altar of Yredelemnul.
  2038 | D:3      | Found a stormy altar of Qazlal.
  2095 | D:3      | Found a faded altar of an unknown god.
  2124 | D:3      | Found a radiant altar of Vehumet.
  2153 | D:3      | Became a worshipper of Qazlal Stormbringer
  2431 | D:4      | Gained mutation: You are vulnerable to heat. (rF-) [potion
                  | of mutation]
  2431 | D:4      | Gained mutation: Your muscles are strong. (Str +4, Int/Dex
                  | -1) [potion of mutation]
  2432 | D:4      | Lost mutation: You are vulnerable to heat. (rF-) [potion of
                  | mutation]
  2432 | D:4      | Lost mutation: Your muscles are strong. (Str +4, Int/Dex
                  | -1) [potion of mutation]
  2432 | D:4      | Gained mutation: You are weak. (Str -2) [potion of
                  | mutation]
  2432 | D:4      | Gained mutation: You have hidden genetic defects. [potion
                  | of mutation]
  2432 | D:4      | Gained mutation: Potions are less effective at restoring
                  | your health. [potion of mutation]
  2432 | D:4      | Gained mutation: Your mind is acute. (Int +4, Str/Dex -1)
                  | [potion of mutation]
  2461 | D:4      | Slain by a gnoll

Illustrated notes

Levels and vault maps discovered:
D:1:      psy_arrival_spokes, layout_basic, serial_forest,
          infiniplex_forest_lined_3_way, infiniplex_forest_lined_4_way,
          infiniplex_forest_clump_long, infiniplex_forest_zigzag_2,
          infiniplex_forest_end_3, infiniplex_forest_clump_curved,
          infiniplex_forest_end_double, infiniplex_forest_straight_2,
          infiniplex_forest_end_2, infiniplex_forest_lined_3
D:2:      layout_rooms, uniq_natasha
D:3:      layout_loops_ring, nzn_hepliaklqana_mist_gate, grunt_qazlal_sundering,
          overflow_temple_1_default, nicolae_overflow_ecumenical_swirl
D:4:      layout_loops_ring

Skill      XL: |  1  2  3  4 |
---------------+-------------+-----
Axes           | 3 4 |  4.6
Fighting       | 4 |  4.7
Armour         | |  3.2
Shields        | |  4.0

Action                     |  1- 3 |  4- 6 || total
---------------------------+-------+-------++-------
  Melee: War axe           |    49 |   105 ||   154
    Use: Scroll            |     1 |     6 ||     7
         Potion            |       |     2 ||     2
 Armour: Scale mail        |    37 |    41 ||    78
         Chain mail        |       |    40 ||    40
  Dodge: Dodged            |    31 |    56 ||    87
  Block: Buckler           |    10 |    37 ||    47
